 Dungeon Crawl Stone Soup version 0.30.0-29-ga12c61a403 (webtiles) character file.

Game seed: 14829387613009389394

2616 olmar the Skirmisher (level 9, -9/70 HPs)
             Began as a Gnoll Wanderer on June 8, 2023.
             Was an Initiate of Gozag.
             Mangled by an iguana (10 damage)
             ... on level 6 of the Dungeon.
             The game lasted 00:09:00 (6397 turns).

olmar the Skirmisher (Gnoll Wanderer)               Turns: 6397, Time: 00:09:00

Health: -9/70      AC:  5    Str: 19    XL:     9   Next: 60%
Magic:  5/18       EV: 15    Int: 13    God:    Gozag
Gold:   51         SH:  0    Dex: 13    Spells: 14/20 levels left

rFire   + . .        r - +4 quarterstaff (chaos)
rCold   + . .        (shield currently unavailable)
rNeg    . . .        e - +0 robe
rPois   +            (no helmet)
rElec   +            s - +0 cloak
rCorr   +            c - +0 pair of gloves
SInv    .            (no boots)
Will    .....        (no amulet)
Stlth   +++          f - +6 ring of strength
HPRegen 0.31/turn    (no ring)
MPRegen 0.16/turn

%: no passive effects
@: mighty, resistant, gold aura, hasted, very quick
A: fangs 1, strong nose, distributed training
a: Renounce Religion, Potion Petition, Call Merchant, Bribe Branch


You were on level 6 of the Dungeon.
You worshipped Gozag.
Gozag was noncommittal.
You visited 2 branches of the dungeon, and saw 7 of its levels.
You also visited: Sewer.

You collected 808 gold pieces.
You paid 757 gold pieces to Gozag.

Inventory:

Hand Weapons
 a - a +2 sling
 h - a +0 club
 i - a +1 dagger of venom
 r - a +4 quarterstaff of chaos (weapon)
Missiles
 u - 7 poisoned darts (quivered)
Armour
 c - a +0 pair of gloves (worn)
 e - a +0 robe (worn)
 p - a +0 tower shield
 s - a +0 cloak (worn)
Jewellery
 f - a +6 ring of strength (left hand)
Wands
 q - a wand of light (3)
 x - a wand of flame (52)
 B - a wand of mindburst (9)
Scrolls
 b - a scroll of fog
 d - a scroll of blinking
 l - a scroll of vulnerability {unknown}
 o - 5 scrolls of teleportation
 v - 3 scrolls of enchant armour
 y - 2 scrolls of poison {unknown}
 z - 2 scrolls of amnesia {unknown}
 A - a scroll of noise {unknown}
Potions
 g - 2 potions of mutation
 j - a potion of heal wounds {unknown}
 k - 2 potions of haste
 m - 7 potions of flight
 n - 2 potions of might {unknown}
 t - a potion of berserk rage {unknown}
 w - a potion of brilliance {unknown}


   Skills:
 + Level 6.3 Fighting
 + Level 6.3 Short Blades
 + Level 6.3 Long Blades
 + Level 6.3 Axes
 + Level 6.3 Maces & Flails
 + Level 6.3 Polearms
 + Level 6.3 Staves
 + Level 12.1 Ranged Weapons
 + Level 6.3 Throwing
 + Level 6.3 Armour
 + Level 7.9 Dodging
 + Level 6.3 Stealth
 + Level 6.3 Shields
 + Level 7.9 Unarmed Combat
 + Level 6.3 Spellcasting
 + Level 5.3 Conjurations
 + Level 5.3 Hexes
 + Level 5.3 Summonings
 + Level 5.3 Necromancy
 + Level 5.3 Translocations
 + Level 5.3 Transmutations
 + Level 5.3 Fire Magic
 + Level 5.3 Ice Magic
 + Level 5.3 Air Magic
 + Level 5.3 Earth Magic
 + Level 5.3 Poison Magic
 + Level 7.0 Invocations
 + Level 6.9 Evocations


You had 14 spell levels left.
You knew the following spells:

 Your Spells              Type           Power      Damage    Failure   Level
a - Portal Projectile     Hex/Tloc       34%        N/A       5%          3
b - Tukima's Dance        Hex            17%        N/A       5%          3

Your spell library contained the following spells:

 Spells                   Type           Power      Damage    Failure   Level
 Sublimation of Blood     Necr           17%        N/A       2%          2
 Petrify                  Tmut/Erth      17%        N/A       19%         4
 Blade Hands              Tmut           8%         N/A       45%         5
 Irradiate                Conj/Tmut      8%         3d14      45%         5


Dungeon Overview and Level Annotations

Branches:
Dungeon (6/15)             Temple (1/1) D:4           Sewer (visited)

Altars:
Ashenzari
Cheibriados
Dithmenos
Fedhas
Gozag
Kikubaaqudgha
Makhleb
Nemelex Xobeh
Okawaru
Qazlal
Trog
Uskayaw
Vehumet
Wu Jian
Xom
Yredelemnul

Annotations:
D:3 1 runed translucent door, ChrisAssaf's ghost, amateur DrIE


Innate Abilities, Weirdness & Mutations

You have very sharp teeth.
Your uncanny sense of smell can sniff out nearby items.
Your experience applies equally to all skills.


Message History

Press: ? - help, Shift-Dir - straight line, f/p - gnoll
Aim: a gnoll, wielding a +2 vampiric spear (chance to affect: 59%)
The gnoll resists with significant effort.
The gnoll closely misses you. The gnoll sergeant barely misses you.
Unknown command.
Unknown command.
Casting: Tukima's Dance (dangerous; 5% risk of failure)
Confirm with . or Enter, or press ? or * to list all spells.
Aiming: Tukima's Dance (dangerous; 5% risk of failure)
Press: ? - help, Shift-Dir - straight line, f/p - gnoll
Aim: a gnoll, wielding a +2 vampiric spear (chance to affect: 59%)
The gnoll resists with significant effort.
The gnoll closely misses you.
The gnoll sergeant hits you with a +0 spear.
You sock the gnoll!
The gnoll is poisoned.
The gnoll is almost dead.
The gnoll hits you with a +2 vampiric spear.
The gnoll sergeant hits you with a +0 spear!
* * * LOW HITPOINT WARNING * * *
The iguana misses you.
Unknown command.
You hit the gnoll.
You kill the gnoll!
The gnoll sergeant hits you with a +0 spear!
* * * LOW HITPOINT WARNING * * *
The iguana bites you but does no damage.
Unknown command.
Okay, then. [a] - 696 gold - haste, resistance and might [b] - 250 gold - resistance [c] - 768 gold - invisibility, might, haste and resistance Purchase which effect?
You no longer have enough gold to petition Gozag for potion effects.
You feel yourself speed up.
You feel protected.
You feel very mighty all of a sudden.
The gnoll sergeant hits you with a +0 spear!
* * * LOW HITPOINT WARNING * * *
The iguana bites you!
You die...
Your body crumbles into a pile of gold.

######### ##.......###
## #..........## ###.
............## ######.).
.............###..#.....
............# #..##.....
.....(l$....###..#......
....)(g@................
....).$.$...............
........................
........................
........................
........................
........................
........................
....................##


You could see a gnoll sergeant (agile) and an iguana.

Vanquished Creatures
  An ice beast (D:5)
  A sky beast (D:6)
  An ogre (D:5)
  2 phantoms
  A centaur (D:5)
  Blork the orc (D:5)
  A bullfrog (D:6)
  A scorpion (D:4)
  A howler monkey (D:5)
  Crazy Yiuf (D:2)
  A hound (D:5)
  3 jellies
  Jessica (D:2)
  Natasha (thrice) (D:2)
  A sleepcap (D:5)
  3 iguanas
  2 orc wizards (D:3)
  7 gnolls
  5 river rats (Sewer)
  9 adders
  A shadow imp (D:6)
  3 worms
  A dart slug (D:3)
  18 orcs
  14 bats
  10 endoplasms
  6 giant cockroaches
  7 goblins
  2 hobgoblins
  5 jackals
  7 kobolds
  5 quokkas
  14 ball pythons
  5 frilled lizards
  4 rats
148 creatures vanquished.

Vanquished Creatures (others)
  A dancing weapon (D:6)
1 creature vanquished.

Grand Total: 149 creatures vanquished

Notes
Turn   | Place    | Note
-------+----------+-------------------------------------------
     0 | D:1      | Reached skill level 10 in Ranged Weapons
     0 | D:1      | olmar the Gnoll Wanderer began the quest for the Orb.
     0 | D:1      | olmar set off with the following items: a +2 sling, a
                  | scroll of fog, a +0 pair of gloves, a scroll of blinking, a
                  | +0 robe.
     0 | D:1      | Reached XP level 1. HP: 13/13 MP: 1/1
   157 | D:1      | Reached XP level 2. HP: 19/19 MP: 2/2
   631 | D:2      | Reached XP level 3. HP: 25/25 MP: 3/3
   784 | D:2      | Noticed Natasha
   788 | D:2      | Killed Natasha
   789 | D:2      | Reached skill level 1 in Fighting
   789 | D:2      | Reached skill level 1 in Short Blades
   789 | D:2      | Reached skill level 1 in Long Blades
   789 | D:2      | Reached skill level 1 in Axes
   789 | D:2      | Reached skill level 1 in Maces & Flails
   789 | D:2      | Reached skill level 1 in Polearms
   789 | D:2      | Reached skill level 1 in Staves
   789 | D:2      | Reached skill level 1 in Throwing
   789 | D:2      | Reached skill level 1 in Armour
   789 | D:2      | Reached skill level 1 in Stealth
   789 | D:2      | Reached skill level 1 in Shields
   789 | D:2      | Reached skill level 1 in Spellcasting
   789 | D:2      | Reached skill level 1 in Invocations
   789 | D:2      | Reached XP level 4. HP: 32/32 MP: 5/5
   961 | D:2      | Reached skill level 1 in Conjurations
   961 | D:2      | Reached skill level 1 in Hexes
   961 | D:2      | Reached skill level 1 in Summonings
   961 | D:2      | Reached skill level 1 in Necromancy
   961 | D:2      | Reached skill level 1 in Translocations
   961 | D:2      | Reached skill level 1 in Transmutations
   961 | D:2      | Reached skill level 1 in Fire Magic
   961 | D:2      | Reached skill level 1 in Ice Magic
   961 | D:2      | Reached skill level 1 in Air Magic
   961 | D:2      | Reached skill level 1 in Earth Magic
   961 | D:2      | Reached skill level 1 in Poison Magic
  1113 | D:2      | Noticed Natasha
  1121 | D:2      | Killed Natasha
  1252 | D:2      | Noticed Jessica
  1256 | D:2      | Killed Jessica
  1257 | D:2      | Reached XP level 5. HP: 37/37 MP: 7/7
  1389 | D:2      | Noticed Natasha
  1394 | D:2      | Killed Natasha
  1430 | D:2      | Found a runed translucent door.
  1431 | D:2      | Noticed Crazy Yiuf
  1444 | D:2      | Killed Crazy Yiuf
  1618 | D:3      | Found a hide-covered altar of Uskayaw.
  2059 | D:3      | Noticed ChrisAssaf's ghost (amateur DrIE)
  2084 | D:3      | Found a runed translucent door.
  2126 | D:3      | Reached XP level 6. HP: 37/44 MP: 8/8
  2147 | D:3      | Reached skill level 5 in Dodging
  2147 | D:3      | Reached skill level 5 in Unarmed Combat
  2857 | D:4      | Found a staircase to the Ecumenical Temple.
  2866 | Temple   | Entered the Ecumenical Temple
  2891 | Temple   | Became a worshipper of Gozag Ym Sagoz the Greedy
  2983 | D:4      | Found a glowing drain.
  2993 | Sewer    | Entered a sewer
  3853 | D:4      | Reached skill level 5 in Fighting
  3853 | D:4      | Reached skill level 5 in Short Blades
  3853 | D:4      | Reached skill level 5 in Long Blades
  3853 | D:4      | Reached skill level 5 in Axes
  3853 | D:4      | Reached skill level 5 in Maces & Flails
  3853 | D:4      | Reached skill level 5 in Polearms
  3853 | D:4      | Reached skill level 5 in Staves
  3853 | D:4      | Reached skill level 11 in Ranged Weapons
  3853 | D:4      | Reached skill level 5 in Throwing
  3853 | D:4      | Reached skill level 5 in Armour
  3853 | D:4      | Reached skill level 5 in Stealth
  3853 | D:4      | Reached skill level 5 in Shields
  3853 | D:4      | Reached skill level 5 in Spellcasting
  3853 | D:4      | Reached skill level 5 in Invocations
  3853 | D:4      | Reached skill level 5 in Evocations
  3853 | D:4      | Reached XP level 7. HP: 54/56 MP: 9/14
  3854 | D:4      | Reached skill level 12 in Ranged Weapons
  3854 | D:4      | Reached skill level 5 in Conjurations
  3854 | D:4      | Reached skill level 5 in Hexes
  3854 | D:4      | Reached skill level 5 in Summonings
  3854 | D:4      | Reached skill level 5 in Necromancy
  3854 | D:4      | Reached skill level 5 in Translocations
  3854 | D:4      | Reached skill level 5 in Transmutations
  3854 | D:4      | Reached skill level 5 in Fire Magic
  3854 | D:4      | Reached skill level 5 in Ice Magic
  3854 | D:4      | Reached skill level 5 in Air Magic
  3854 | D:4      | Reached skill level 5 in Earth Magic
  3854 | D:4      | Reached skill level 5 in Poison Magic
  3854 | D:4      | Reached XP level 8. HP: 62/64 MP: 9/17
  4112 | D:4      | Reached XP level 9. HP: 49/69 MP: 18/18
  5120 | D:5      | Entered Level 5 of the Dungeon
  5239 | D:5      | Identified the +2 pair of gloves of Hadjma {rElec}
  5396 | D:5      | Learned a level 3 spell: Portal Projectile
  5408 | D:5      | Learned a level 3 spell: Tukima's Dance
  5529 | D:5      | Found a basalt altar of Yredelemnul.
  5979 | D:5      | Noticed Blork the orc
  5984 | D:5      | Killed Blork the orc
  6397 | D:6      | HP: 1/70 [gnoll sergeant/+0 spear (10)]
  6397 | D:6      | Mangled by an iguana

Illustrated notes

Levels and vault maps discovered:
D:1:      reono_arrival_forest_river, layout_loops_ring
D:2:      layout_loops_cross, minmay_tree_intersection, grunt_ministairs_15,
          uniq_natasha, uniq_crazy_yiuf_cottage, uniq_jessica
D:3:      layout_loops_corners, mainiacjoe_overflow_six_doors_small,
          hellmonk_ghost_happy_afterlife, nicolae_eternal_life,
          chequers_serial_rivers_room_b
D:4:      layout_layer_cave, minmay_temple_entry_ruins, portal_sewer_entry_d
D:5:      layout_basic, nicolae_overflow_hidden_temple, kennysheep_cross_room,
          nrook_pool_corridor, hex_tiny, uniq_blork_the_orc
D:6:      layout_cave_pods, jmf_multi_god_temple2,
          chequers_serial_rivers_room_a, minmay_misc_feat_alley,
          wad_floor_pattern_2
Temple:   nicolae_temple_x_marks_the_god

Skill      XL: |  1  2  3  4  5  6  7  8  9 |
---------------+----------------------------+-----
Ranged Weapons | 11 12 | 12.1
Fighting       | 1 5 6 |  6.3
Short Blades   | 1 5 6 |  6.3
Long Blades    | 1 5 6 |  6.3
Axes           | 1 5 6 |  6.3
Maces & Flails | 1 5 6 |  6.3
Polearms       | 1 5 6 |  6.3
Staves         | 1 5 6 |  6.3
Throwing       | 1 5 6 |  6.3
Armour         | 1 5 6 |  6.3
Stealth        | 1 5 6 |  6.3
Shields        | 1 5 6 |  6.3
Spellcasting   | 1 5 6 |  6.3
Invocations    | 1 2 5 6 7 |  7.0
Conjurations   | 1 4 5 |  5.3
Hexes          | 1 4 5 |  5.3
Summonings     | 1 4 5 |  5.3
Necromancy     | 1 4 5 |  5.3
Translocations | 1 4 5 |  5.3
Transmutations | 1 4 5 |  5.3
Fire Magic     | 1 4 5 |  5.3
Ice Magic      | 1 4 5 |  5.3
Air Magic      | 1 4 5 |  5.3
Earth Magic    | 1 4 5 |  5.3
Poison Magic   | 1 4 5 |  5.3
Evocations     | 3 5 6 |  6.9
Dodging        | 7 |  7.9
Unarmed Combat | 7 |  7.9

Action                     |  1- 3 |  4- 6 |  7- 9 || total
---------------------------+-------+-------+-------++-------
  Melee: Dagger            |     2 |       |       ||     2
         Punch             |     1 |       |       ||     1
         Quarterstaff      |       |   111 |   111 ||   222
         Bite              |       |     7 |    11 ||    18
   Fire: Sling             |    54 |   121 |    32 ||   207
  Throw: Dart              |       |     5 |     5 ||    10
   Cast: Tukima's Dance    |       |       |     6 ||     6
 Invoke: Potion Petition   |       |       |     1 ||     1
  Evoke: Wand              |       |     2 |       ||     2
    Use: Scroll            |       |     8 |       ||     8
         Potion            |       |     1 |     1 ||     2
   Stab: Sleeping          |       |     3 |     3 ||     6
         Distracted        |       |       |     1 ||     1
 Armour: Robe              |     1 |    34 |    22 ||    57
  Dodge: Dodged            |       |   119 |    72 ||   191
